 Dungeon Crawl Stone Soup version 0.22.1-2-g9c5b331 (webtiles) character file.

135 HoaS the Ruffian (level 5, -4/33 HPs)
             Began as a Gargoyle Berserker on Dec 24, 2018.
             Was a Believer of Trog.
             Slain by a gnoll
             ... wielding a +0 halberd
              (11 damage)
             ... on level 3 of the Dungeon.
             The game lasted 00:08:24 (2244 turns).

HoaS the Ruffian (Gargoyle Berserker)               Turns: 2244, Time: 00:08:25

Health: -4/33      AC:  8    Str: 20    XL:     5   Next: 18%
Magic:  5/5        EV: 11    Int:  8    God:    Trog [**....]
Gold:   115        SH:  0    Dex: 10    Spells: 4/4 levels left

rFire    . . .     SeeInvis .     - Unarmed
rCold    . . .     Gourm    .   (no shield)
rNeg     + . .     Faith    .   k - +0 leather armour
rPois    ∞         Spirit   .   (no helmet)
rElec    +         Reflect  .   e - +0 cloak
rCorr    .         Harm     .   (no gloves)
MR       .....                  (no boots)
Stlth    +.........             (no amulet)
HPRegen  0.11/turn              (no ring)
MPRegen  0.09/turn              (no ring)

@: no status effects
A: negative energy resistance 1, electricity resistance, unbreathing,
petrification resistance, rot immunity, AC +4
a: Berserk, Trog's Hand, Renounce Religion


You were on level 3 of the Dungeon.
You worshipped Trog.
Trog was pleased with you.
You were not hungry.

You visited 1 branch of the dungeon, and saw 3 of its levels.

You collected 115 gold pieces.

Inventory:

Armour
 a - a +1 scale mail
 e - a +0 cloak (worn)
 h - a +0 chain mail
 k - a +0 leather armour (worn)
Jewellery
 f - an uncursed amulet of the acrobat {unknown}
Scrolls
 m - a scroll of identify
Potions
 c - a potion of mutation
 d - a potion of lignification {unknown}
 i - a potion of curing {unknown}
 j - a potion of might {unknown}
 l - a potion of haste {unknown}
 n - a potion of degeneration {unknown}
 o - a potion of berserk rage {unknown}
Comestibles
 b - 5 rations
 g - 4 chunks of flesh


   Skills:
 * Level 3.7 Fighting
 + Level 2.5 Armour
 - Level 1.5 Dodging
 * Level 5.3 Unarmed Combat


You had 4 spell levels left.
You didn't know any spells.
Your spell library was empty.

Dungeon Overview and Level Annotations

Branches:
Dungeon (3/15)

Altars:
The Shining One

Annotations:
D:3 HerrDoktor's ghost, amateur GrIE


Innate Abilities, Weirdness & Mutations

You are resistant to torment.
Your stone body is resilient. (AC +4)
You are immune to poison.
You resist negative energy. (rN+)
You are resistant to electric shocks. (rElec)
You can survive without breathing.
You are immune to petrification.
You are immune to rotting.


Message History

The gnoll hits you.
The gnoll hits you from afar with a halberd.
You are too injured to fight recklessly!
You are too injured to fight recklessly!
You are too injured to fight recklessly!
You are too injured to fight recklessly!
You are too injured to fight recklessly!
You hit the gnoll.
You kill the gnoll!
Trog accepts your kill. The gnoll hits you but does no damage.
Things that are here:
a throwing net; a gnoll corpse You barely miss the gnoll.
The gnoll hits you with a halberd.
* * * LOW HITPOINT WARNING * * *
You barely miss the gnoll. The gnoll barely misses you.
You punch the gnoll!
The gnoll is heavily wounded.
The gnoll hits you with a halberd!
You die...

###### # .....######
#######.......
............. .##
#.##.#..#####
.....#######.##.#[.#####
#....g@...............#
.............##.........
...........#.......#....
...........#..#.#..#.#..
.###'####>..............
##......).............
.........#....##.....#
..............##.#.#.#
........<.............


You could see a gnoll.

Vanquished Creatures
  Crazy Yiuf (D:2)
  2 gnolls (D:3)
  2 adders (D:2)
  2 dart slugs (D:1)
  4 leopard geckos
  An orc (D:3)
  2 ball pythons
  10 bats
  3 giant cockroaches
  7 goblins
  6 hobgoblins
  5 jackals (D:1)
  4 frilled lizards
  6 kobolds
  8 rats
63 creatures vanquished.

Notes
Turn   | Place    | Note
-------+----------+-------------------------------------------
     0 | D:1      | HoaS the Gargoyle Berserker began the quest for the Orb.
     0 | D:1      | Reached XP level 1. HP: 14/14 MP: 1/1
   105 | D:1      | Reached XP level 2. HP: 15/19 MP: 2/2
   224 | D:1      | Reached skill level 4 in Unarmed Combat
   444 | D:1      | Reached XP level 3. HP: 19/23 MP: 3/3
   446 | D:1      | Reached ** piety under Trog
  1076 | D:2      | Reached XP level 4. HP: 21/28 MP: 4/4
  1179 | D:2      | Found a glowing golden altar of the Shining One.
  1331 | D:2      | Found a runed door.
  1475 | D:2      | Reached skill level 5 in Unarmed Combat
  1937 | D:2      | Noticed Crazy Yiuf
  1942 | D:2      | Killed Crazy Yiuf
  2048 | D:3      | Reached XP level 5. HP: 32/32 MP: 5/5
  2063 | D:3      | Noticed an ogre
  2064 | D:3      | Noticed an ogre
  2065 | D:3      | Noticed HerrDoktor's ghost (amateur GrIE)
  2244 | D:3      | Slain by a gnoll

Skill      XL: |  1  2  3  4 |
---------------+-------------+-----
Unarmed Combat | 4 5 |  5.3
Fighting       | |  3.7
Armour         | |  2.5
Dodging        | |  1.5

Action                   |  1- 3 |  4- 6 || total
-------------------------+-------+-------++-------
Melee: Unarmed           |   126 |   103 ||   229
       Punch             |     3 |     1 ||     4
  Use: Scroll            |     2 |     8 ||    10
 Stab: Sleeping          |     1 |       ||     1
  Eat: Chunk             |       |     4 ||     4
Armor: Animal skin       |    44 |       ||    44
       Leather armour    |    15 |    47 ||    62
Dodge: Dodged            |   109 |    68 ||   177
